 Dungeon Crawl Stone Soup version 0.22-a0-113-gdd6f4a9394 (webtiles) character file.

1399 Ordine the Magician (level 8, 0/44 HPs)
             Began as a Deep Elf Wizard on Jan 28, 2018.
             Was a Follower of Sif Muna.
             Succumbed to a scorpion's poison
             ... on level 6 of the Dungeon.
             The game lasted 00:34:12 (8463 turns).

Ordine the Magician (Deep Elf Wizard)               Turns: 8463, Time: 00:34:12

Health: 0/44       AC:  4    Str:  4    XL:     8   Next: 41%
Magic:  0/19       EV: 15    Int: 26    God:    Sif Muna [*.....]
Gold:   359        SH:  0    Dex: 13    Spells: 10/19 levels left

rFire    + . .     SeeInvis .   f - +1 dagger (flame)
rCold    + . .     Gourm    .   (no shield)
rNeg     . . .     Faith    .   a - +0 robe
rPois    .         Spirit   .   r - +0 helmet
rElec    .         Reflect  .   e - scarf {rC+ rF+}
rCorr    .         Harm     .   q - +0 pair of gloves
MR       .....                  (no boots)
Stlth    ++........             (no amulet)
HPRegen  0.14/turn              g - +1 ring of evasion
MPRegen  0.16/turn              (no ring)

@: lethally poisoned (0 -> -15)
A: no striking features
a: Divine Energy, Renounce Religion


You were on level 6 of the Dungeon.
You worshipped Sif Muna.
Sif Muna was aware of your devotion.
You were very hungry.

You visited 2 branches of the dungeon, and saw 8 of its levels.

You collected 359 gold pieces.

Inventory:

Hand Weapons
 f - a +1 dagger of flaming (weapon)
 t - a +2 dagger of holy wrath
Armour
 a - a +0 robe (worn)
 e - a scarf of resistance (worn)
 q - a +0 pair of gloves (worn)
 r - a +0 helmet (worn)
Jewellery
 g - a +1 ring of evasion (left hand)
 n - an uncursed amulet of rage
Wands
 p - a wand of flame (18)
Scrolls
 b - a scroll of remove curse
 j - 5 scrolls of enchant weapon
 l - 2 scrolls of identify
 m - a scroll of amnesia
 o - 3 scrolls of enchant armour
 s - 5 scrolls of teleportation
Potions
 i - 2 potions of flight
Books
 c - a book of Minor Magic

   Spells                             Type                      Level
   a - Magic Dart                     Conjuration                  1
   b - Blink                          Translocation                2
   c - Call Imp                       Summoning                    2
   d - Slow                           Hexes                        2
   e - Conjure Flame                  Conjuration/Fire             3
   f - Mephitic Cloud                 Conjuration/Poison/Air       3
 h - a book of Misfortune

   Spells                             Type                      Level
   a - Confusing Touch                Hexes                        1
   b - Confuse                        Hexes                        3
   c - Gell's Gravitas                Translocation                3
   d - Petrify                        Transmutation/Earth          4
   e - Metabolic Englaciation         Hexes/Ice                    5
   f - Yara's Violent Unravelling     Hexes/Transmutation          5
 k - a book of Necromancy

   Spells                             Type                      Level
   a - Pain                           Necromancy                   1
   b - Animate Skeleton               Necromancy                   1
   c - Vampiric Draining              Necromancy                   3
   d - Regeneration                   Charms/Necromancy            3
   e - Animate Dead                   Necromancy                   4
Comestibles
 d - 7 rations


   Skills:
 + Level 1.9 Fighting
 * Level 3.3 Short Blades
 + Level 1.8 Armour
 + Level 4.2 Dodging
 - Level 3.0 Stealth
 + Level 6.4 Spellcasting
 + Level 5.0 Conjurations
   Level 1.1 Summonings
 - Level 2.0 Translocations
 + Level 3.3 Fire Magic
 + Level 3.0 Air Magic
 + Level 3.2 Invocations


You had 10 spell levels left.
You knew the following spells:

 Your Spells              Type           Power        Failure   Level  Hunger
a - Magic Dart            Conj           ####         1%          1    None
b - Blink                 Tloc           N/A          4%          2    None
c - Conjure Flame         Conj/Fire      ####....     3%          3    None
d - Mephitic Cloud        Conj/Pois/Air  ###.....     7%          3    None


Dungeon Overview and Level Annotations

Branches:
Dungeon (7/15)             Temple (1/1) D:5

Altars:
Ashenzari
Cheibriados
Dithmenos
Fedhas
Gozag
Hepliaklqana
Kikubaaqudgha
Nemelex Xobeh
Okawaru
Qazlal
Ru
Sif Muna
Trog
Uskayaw
Vehumet
Wu Jian
Yredelemnul
Zin
The Shining One

Shops:
D:4 %   D:6 (

Annotations:
D:7 ciphuk's ghost, novice KoHu


Message History

You hit the scorpion but do no damage.
The scorpion is almost dead.
The scorpion stings you.
* * * LOW HITPOINT WARNING * * *
You are more poisoned.
The scorpion poisons you!
Casting: Magic Dart (safe; 1% risk of failure)
Confirm with . or Enter, or press ? or * to list all spells.
Aiming: Magic Dart (safe; 1% risk of failure)
Press: ? - help, Shift-Dir - straight line, f/p - scorpion
Aim: a scorpion (severely wounded)
The magic dart hits the scorpion.
The scorpion is almost dead.
* * * LOW HITPOINT WARNING * * *
You feel sick. The scorpion closely misses you.
Unknown command.
Okay, then.
You hit the scorpion but do no damage.
The scorpion is almost dead.
You die...

.....# ##.#.#...#.#..#
.....# #...#...#.#..##
.....# ##..##.##.#...#
.#...#
#..##.##.#...######
...###
##.......#...'.....
...#
######.##.####...######
...# #....#.##...##...#
#### ...#
#....#......##.#####...
'### #....#@s....##.#
#.... .#
#....#......##.####....
.#
#....'...#####...[<....
.#
#....#.#..........#....
.#
#.##.......(.#..#.#.###
.#
#.#..#)..[......#>#.#
.#
#.##.#######.#..#.#.#
.# #.##.#
#.#...#..#.#.# .#
#.##.###.#.#......#.#


You could see a scorpion.

Vanquished Creatures
  An orc warrior (D:5)
  An ice beast (D:5)
  An ogre (D:4)
  3 bullfrogs
  A big kobold (D:5)
  A water moccasin zombie (D:6)
  A scorpion (D:5)
  A howler monkey (D:5)
  2 crimson imps
  3 hounds
  A jelly (D:6)
  2 orc priests
  Ijyb (D:4)
  An iguana (D:6)
  2 orc wizards (D:6)
  4 worker ants
  7 gnolls
  10 adders
  2 oozes
  2 adder skeletons
  A worm (D:4)
  2 dart slugs (D:2)
  A leopard gecko (D:4)
  23 orcs
  2 ball pythons (D:2)
  5 bats
  4 giant cockroaches
  6 goblins
  8 hobgoblins
  4 jackals
  A quokka (D:6)
  6 frilled lizards
  29 kobolds
  8 rats
147 creatures vanquished.

Vanquished Creatures (others)
  A howler monkey (D:6)
1 creature vanquished.

Grand Total: 148 creatures vanquished

Notes
Turn   | Place    | Note
-------+----------+-------------------------------------------
     0 | D:1      | Ordine the Deep Elf Wizard began the quest for the Orb.
     0 | D:1      | Reached XP level 1. HP: 10/10 MP: 7/7
   156 | D:1      | Reached XP level 2. HP: 15/15 MP: 0/9
   240 | D:1      | Learned a level 2 spell: Blink
   860 | D:2      | Reached XP level 3. HP: 16/19 MP: 4/11
  1008 | D:2      | Learned a level 3 spell: Conjure Flame
  1012 | D:2      | Learned a level 3 spell: Mephitic Cloud
  1174 | D:1      | Reached XP level 4. HP: 23/24 MP: 0/12
  1202 | D:1      | Reached skill level 5 in Spellcasting
  1584 | D:2      | Reached skill level 1 in Fire Magic
  1825 | D:2      | Found a deep blue altar of Sif Muna.
  1828 | D:2      | Became a worshipper of Sif Muna the Loreminder
  2329 | D:3      | Reached skill level 1 in Air Magic
  2329 | D:3      | Reached XP level 5. HP: 26/28 MP: 6/14
  2662 | D:3      | Reached skill level 1 in Invocations
  3319 | D:4      | Noticed an ogre
  3660 | D:4      | Killed an ogre
  3660 | D:4      | Reached XP level 6. HP: 9/32 MP: 0/16
  3948 | D:4      | Found a deep blue altar of Sif Muna.
  4094 | D:4      | Found Etwa's Food Shop.
  4120 | D:4      | Found an iron altar of Okawaru.
  4228 | D:4      | Noticed Ijyb
  4250 | D:4      | Killed Ijyb
  4454 | D:5      | Entered Level 5 of the Dungeon
  4604 | D:5      | Found an ancient bone altar of Kikubaaqudgha.
  4864 | D:5      | Reached skill level 1 in Short Blades
  4948 | D:5      | HP: 1/33 [big kobold/whip (7)]
  4951 | D:5      | Reached XP level 7. HP: 2/37 MP: 0/17
  5629 | D:5      | Reached skill level 1 in Fighting
  5746 | D:5      | Reached skill level 1 in Armour
  6032 | D:5      | Found a snail-covered altar of Cheibriados.
  6072 | D:5      | Reached * piety under Sif Muna
  6156 | D:5      | Found an opulent altar of Gozag.
  6307 | D:5      | Reached skill level 6 in Spellcasting
  6982 | D:6      | Reached XP level 8. HP: 34/43 MP: 1/19
  7136 | D:6      | Found Zuumit's Weapon Emporium.
  7437 | D:6      | Found a bloodstained altar of Trog.
  7484 | D:5      | Found a staircase to the Ecumenical Temple.
  7492 | Temple   | Entered the Ecumenical Temple
  8014 | D:6      | Reached skill level 5 in Conjurations
  8090 | D:6      | Found a hazy altar of Hepliaklqana.
  8209 | D:7      | Found a stormy altar of Qazlal.
  8237 | D:7      | Noticed ciphuk's ghost (novice KoHu)
  8462 | D:6      | HP: 1/44 [poisoned by a scorpion]
  8463 | D:6      | Succumbed to a scorpion's poison

Vault maps used:
D:1:      nagdon_arrival_double_spiral, st_stairs_14, minivault_5,
          minmay_strange_pillars
D:2:      glass_columns_b, lemuel_blue_sif_altar
D:3:      grunt_ministairs_11, guppyfry_early_orc_mine
D:4:      nicolae_overflow_crystal_walls, okawaru_trees_1, first_ration,
          serial_shops, kennysheep_mini_moat, uniq_ijyb
D:5:      kennysheep_kobold_camp, grunt_gozag_breadcrumbs, lemuel_round_altar,
          minmay_temple_entry_from_below_b, basic_altar
D:6:      bloody_trog, marbit_many_paths, serial_shops, shop
D:7:      lightli_temple_of_fire, overflow_temple_1_default, grunt_livestock,
          minmay_ruffians
Temple:   nicolae_temple_x_marks_the_god

Skill      XL: |  1  2  3  4  5  6  7  8 |
---------------+-------------------------+-----
Conjurations   | 2 3 4 5 |  5.0
Stealth        | 3 |  3.0
Dodging        | 3 4 |  4.2
Spellcasting   | 5 6 |  6.4
Fire Magic     | 1 2 3 |  3.3
Translocations | 2 |  2.0
Air Magic      | 1 2 3 |  3.0
Invocations    | 1 2 3 |  3.2
Short Blades   | 1 2 3 |  3.3
Fighting       | 1 |  1.9
Armour         | 1 |  1.8
Summonings     | |  1.1

Action                   |  1- 3 |  4- 6 |  7- 9 || total
-------------------------+-------+-------+-------++-------
Melee: Dagger            |     3 |    41 |   101 ||   145
 Cast: Magic Dart        |    62 |   216 |   191 ||   469
       Mephitic Cloud    |     3 |     7 |    14 ||    24
       Conjure Flame     |     2 |     5 |     6 ||    13
       Blink             |     2 |       |     7 ||     9
Evoke: Wand              |       |       |     4 ||     4
  Use: Scroll            |     5 |    10 |     1 ||    16
       Potion            |       |     3 |     1 ||     4
 Stab: Confused          |     2 |       |       ||     2
  Eat: Chunk             |       |    12 |    10 ||    22
Armor: Robe              |     2 |    12 |     6 ||    20
Dodge: Dodged            |    17 |    84 |    45 ||   146

Table legend:
 A = Spawn XP
 B = Non-spawn XP
 C = Spawn XP percentage of total XP
 D = Spawn monster count
 E = Non-spawn monster count
 F = Spawn count percentage of total count
 G = Total turns spent on level
                    A         B        C        D         E        F      G
               +---------+---------+-------+---------+---------+-------+---------
         Total |       0 |    1999 |   0.0 |       0 |     148 |   0.0 |  8463
               +---------+---------+-------+---------+---------+-------+---------
           D:1 |       0 |      61 |   0.0 |       0 |      22 |   0.0 |  1050
           D:2 |       0 |     101 |   0.0 |       0 |      24 |   0.0 |   820
           D:3 |       0 |     139 |   0.0 |       0 |      22 |   0.0 |  1892
           D:4 |       0 |     308 |   0.0 |       0 |      21 |   0.0 |   901
           D:5 |       0 |     727 |   0.0 |       0 |      40 |   0.0 |  2560
           D:6 |       0 |     532 |   0.0 |       0 |      14 |   0.0 |  1073
           D:7 |       0 |     131 |   0.0 |       0 |       5 |   0.0 |    96
               +---------+---------+-------+---------+---------+-------+---------
